 Dungeon Crawl Stone Soup version 0.24.0-2-g5b39cebb1c (webtiles) character file.

Game seed: 16206576425691863214, levelgen mode: deterministic

38 Mrkan the Vexing (level 3, -2/36 HPs)
             Began as an Ogre Arcane Marksman on Oct 31, 2019.
             Slain by a worm (8 damage)
             ... on level 3 of the Dungeon.
             The game lasted 00:03:39 (2799 turns).

Mrkan the Vexing (Ogre Arcane Marksman)             Turns: 2799, Time: 00:03:39

Health: -2/36      AC:  3    Str: 14    XL:     3   Next: 43%
Magic:  6/6        EV: 10    Int: 15    God:
Gold:   131        SH:  0    Dex:  9    Spells: 5/6 levels left

rFire    . . .     SeeInvis .   b - +0 club
rCold    . . .     Gourm    .   (no shield)
rNeg     . . .     Faith    .   a - +0 robe
rPois    .         Spirit   .   (helmet restricted)
rElec    .         Reflect  .   (no cloak)
rCorr    .         Harm     .   (gloves unavailable)
MR       .....                  (boots unavailable)
Stlth    +.........             (no amulet)
HPRegen  0.12/turn              (no ring)
MPRegen  0.10/turn              (no ring)

@: no status effects
A: large, unfitting armour, tough skin 1
a: no special abilities


You were on level 3 of the Dungeon.
You were near starving.

You visited 1 branch of the dungeon, and saw 3 of its levels.

You collected 131 gold pieces.

Inventory:

Hand Weapons
 b - a +0 club (weapon)
Missiles
 c - 4 large rocks (quivered)
 d - 2 throwing nets
 n - 2 javelins
 r - 43 stones
Armour
 a - a +0 robe (worn)
Scrolls
 h - 2 scrolls of remove curse {unknown}
 j - a scroll of magic mapping {unknown}
 o - a scroll of teleportation {unknown}
 s - a scroll of blinking {unknown}
 t - a scroll of identify {unknown}
Potions
 e - 3 potions of curing {unknown}
 g - a potion of ambrosia {unknown}
 i - 2 potions of agility {unknown}
 k - a potion of mutation {unknown}
 l - a potion of flight {unknown}
 m - a potion of heal wounds {unknown}
 p - a potion of invisibility {unknown}
 q - a potion of haste {unknown}
 u - a potion of lignification {unknown}
Comestibles
 f - 5 rations


   Skills:
 + Level 2.4 Fighting
 + Level 2.4 Throwing
 - Level 1.7 Dodging
 + Level 2.0 Spellcasting
 + Level 3.1 Hexes


You had 5 spell levels left.
You knew the following spells:

 Your Spells              Type           Power        Failure   Level  Hunger
a - Corona                Hex            ##.....      6%          1    #......

Your spell library contained the following spells:

 Spells                   Type           Power        Failure   Level  Hunger
 Slow                     Hex            ##......     10%         2    ###....
 Inner Flame              Hex/Fire       #.......     34%         3    ###....
 Portal Projectile        Hex/Tloc       #.....       34%         3    ###....
 Cause Fear               Hex            ##........   52%         4    #####..
 Leda's Liquefaction      Hex/Erth       #.........   75%         4    #####..


Dungeon Overview and Level Annotations

Branches:
Dungeon (3/15)

Altars:


Innate Abilities, Weirdness & Mutations

You are too large for most types of armour.
You have tough skin. (AC +1)


Message History

The worm bites you.
You hit the worm.
The worm is lightly wounded.
You hit the worm.
The worm is moderately wounded.
The worm bites you.
* * * LOW HITPOINT WARNING * * *
You barely miss the worm.
The worm is moderately wounded.
The worm bites you.
* * * LOW HITPOINT WARNING * * *
You hit the worm.
The worm is heavily wounded.
The worm barely misses you.
You hit the worm but do no damage.
The worm is heavily wounded.
You hit the worm.
The worm is heavily wounded.
The worm bites you!
You die...

.. .. #. .###
#.#... .#####...#
####### ........#
#.....#
.######h####
#.###.#### #....#
#.# #..<.. ####w#
#.###.#### #@#
#.....#
#.#########.###
#.##.....(..#
#.##.########
.#.#########.##.#
.............##.#
..####.#######.#
#.# #.#
#.#######.#


You could see a worm.

Vanquished Creatures
  An adder (D:2)
  An ooze (D:2)
  A bat (D:1)
  2 giant cockroaches
  A goblin (D:1)
  5 hobgoblins
  2 jackals (D:3)
  2 kobolds (D:2)
  3 frilled lizards
  8 rats
26 creatures vanquished.

Notes
Turn   | Place    | Note
-------+----------+-------------------------------------------
     0 | D:1      | Mrkan the Ogre Arcane Marksman began the quest for the Orb.
     0 | D:1      | Reached XP level 1. HP: 19/19 MP: 2/2
   530 | D:1      | Reached XP level 2. HP: 24/28 MP: 2/4
  1511 | D:2      | Reached skill level 3 in Hexes
  1547 | D:2      | Reached XP level 3. HP: 17/35 MP: 5/5
  2505 | D:2      | Found a faded altar of an unknown god.
  2799 | D:3      | Slain by a worm

Levels and vault maps discovered:
D:1:      saegor_arrival_simple_a, layout_loops_ring, serial_bayou,
          serial_bayou_lagoon_a, serial_bayou_pond_c, serial_bayou_shore_b,
          serial_bayou_pond_d, minmay_fountain_box
D:2:      layout_rooms, first_ration, chequers_ecumenical_altar_grove
D:3:      layout_loops_ring, okawaru_ov_weapons_minmay

Skill      XL: |  1  2  3 |
---------------+----------+-----
Fighting       | 2 |  2.4
Hexes          | 3 |  3.1
Spellcasting   | 2 |  2.0
Throwing       | |  2.4
Dodging        | |  1.7

Action                   || total
-------------------------++-------
Melee: Unarmed           ||    33
       Club              ||   136
  Eat: Ration            ||     1
       Chunk             ||     1
Armor: Robe              ||    61
Dodge: Dodged            ||    97
